 Dungeon Crawl Stone Soup version 0.29-a0-892-g2c4c91d9db (webtiles) character file.

Game seed: 9991181188605097771

14 sanka the Insei (level 2, -1/34 HPs)
             Began as a Meteoran Transmuter on July 22, 2022.
             Succumbed to an adder's poison
             ... on level 2 of the Dungeon.
             The game lasted 00:03:43 (630 turns).

sanka the Insei (Meteoran Transmuter)                Turns: 630, Time: 00:03:44

Health: -1/34      AC: 21    Str: 11    XL:     2   Next: 76%
Magic:  6/7        EV:  2    Int: 14    God:
Gold:   35         SH:  0    Dex: 14    Spells: 4/7 levels left

rFire   . . .      SeeInvis .     - Unarmed
rCold   . . .      Faith    .   (no shield)
rNeg    . . .      Spirit   .   (body armour currently unavailable)
rPois   +          Reflect  .   (helmet currently unavailable)
rElec   .          Harm     .   (cloak currently unavailable)
rCorr   .          Rampage  .   (gloves currently unavailable)
Will    .....      NoTele   +   (boots currently unavailable)
Stlth   +.........              (no amulet)
HPRegen 0.11/turn               (no ring)
MPRegen 0.10/turn               k - ring of wizardry

@: mighty, lethally poisoned (-1 -> -7), tree-form, glowing
A: stationary, stasis, torment immunity, boosted hp, sense surroundings 1,
otherworldly, glowing, explore regen
a: no special abilities


You were on level 2 of the Dungeon.
You were a tree.
You visited 1 branch of the dungeon, and saw 2 of its levels.

You collected 35 gold pieces.


Innate Abilities, Weirdness & Mutations

You are a tree.
Your roots penetrate the ground, keeping you stationary.
You cannot be teleported.
You are immune to unholy pain and torment.
Your maximum health is greatly increased.
Your equipment is partially melded.
You passively map a small area around you.
You are easily found by Zot.
You glow in the dark.
You regain HP and MP as you explore.


   Skills:
 - Level 1.1 Fighting
 - Level 2.4 Dodging
 - Level 3.6 Unarmed Combat
 - Level 3.0 Spellcasting
 + Level 3.0 Transmutations
 + Level 1.3 Poison Magic


You had 4 spell levels left.
You knew the following spells:

 Your Spells              Type           Power      Damage    Failure   Level
y - Wereblood             Tmut           10%        N/A       4%          2
z - Beastly Appendage     Tmut           20%        N/A       2%          1

Your spell library contained the following spells:

 Spells                   Type           Power      Damage    Failure   Level
 Spider Form              Tmut/Pois      8%         N/A       11%         3
 Ensorcelled Hibernation  Hex/Ice        4%         N/A       13%         2
 Ozocubu's Armour         Ice            2%         N/A       26%         3
 Ice Form                 Ice/Tmut       6%         N/A       41%         4
 Anguish                  Hex/Necr       1%         N/A       61%         4
 Metabolic Englaciation   Hex/Ice        1%         N/A       90%         5
 Simulacrum               Ice/Necr       1%         N/A       100%        6

Inventory:

Armour
 a - a +0 robe (melded)
 g - a +0 helmet (melded)
Jewellery
 k - a ring of wizardry (right branch)
Scrolls
 c - 2 scrolls of noise {unknown}
 d - 3 scrolls of identify {unknown}
 e - 2 scrolls of magic mapping {unknown}
 f - 3 scrolls of teleportation {unknown}
 h - a scroll of poison {unknown}
 i - a scroll of torment {unknown}

Dungeon Overview and Level Annotations

Branches:
Dungeon (2/15) Zot: 572

Altars:

Shops:
D:2

* ░ ░ , , , ▒...J.... ▒..
░ ▒..>..... ▒.▒... +
......... ▒.▒... ,
....... . ▒..... .....
..▒ , ▒..▒.▒░ ▒▒..▒▒..▒
▒▒▒▒▒ ░
▒....▒▒▒▒▒.......▒ ▒... ,
▒....♣Sl.£...▒
▒▒.▒▒▒▒▒▒▒▒▒...▒▒▒▒....▒▒
....†..........▒ ▒▒▒▒▒▒
▒▒.▒.▒.▒▒▒▒....▒▒▒▒ ▒.▒.▒
▒ ▒..>....▒ ▒.▒.▒
▒▒▒.....▒ ▒...▒ ▒.....▒
▒.▒▒▒ ▒.....▒ ▒'▒ ,,
▒.....▒


You could see an adder and a frilled lizard.


Message History

The adder poisons you!
You feel sick. The adder bites you but does no damage.
You grow a pair of large bovine horns.
Your feet morph into talons.
You feel sick. The adder bites you.
* * * LOW HITPOINT WARNING * * *
You are more poisoned.
The adder poisons you!
Unknown command.
Unknown command.
Unknown command.
Unknown command.
Unknown command.
It was a potion of might.
You feel very mighty all of a sudden.
* * * LOW HITPOINT WARNING * * *
You feel sick. The adder misses you.
Really quaff
b - a potion of lignification {!q}?
Really quaff the potion of lignification?
Okay, then.
Unknown command.
Really quaff
b - a potion of lignification {!q}?
Really quaff the potion of lignification?
Your horns disappear.
Your talons disappear.
You turn into a tree.
Your roots penetrate the ground.
You die...

Action                   || total
-------------------------++-------
Melee: Unarmed           ||    28
       Kick              ||     7
       Headbutt          ||     1
       Punch             ||     1
 Cast: Beastly Appendage ||     7
  Use: Potion            ||     2
Armor: Robe              ||     8
Dodge: Dodged            ||    12

Levels and vault maps discovered:
D:1:      wander_arrival_chamber, layout_basic,
          hellmonk_ecumenical_altar_crossroads
D:2:      layout_basic, serial_shops, nicolae_shop_hallway_plus, st_stairs_5

Notes
Turn   | Place    | Note
-------+----------+-------------------------------------------
     0 | D:1      | sanka the Meteoran Transmuter began the quest for the Orb.
     0 | D:1      | Reached XP level 1. HP: 16/16 MP: 5/5
   198 | D:1      | Found a faded altar of an unknown god.
   241 | D:1      | Reached XP level 2. HP: 23/23 MP: 6/6
   338 | D:1      | Reached skill level 3 in Spellcasting
   349 | D:1      | Reached skill level 1 in Poison Magic
   500 | D:1      | Glimpsed the power of Zot.
   535 | D:2      | Found Ighoo's Assorted Antiques.
   557 | D:2      | Learned a level 2 spell: Wereblood
   606 | D:2      | Reached skill level 3 in Transmutations
   629 | D:2      | HP: 1/23 [poisoned by an adder]
   630 | D:2      | Succumbed to an adder's poison

Vanquished Creatures
  A worm (D:2)
  An endoplasm (D:1)
  A giant cockroach (D:1)
  2 hobgoblins (D:1)
  A kobold (D:1)
  A quokka (D:1)
  A ball python (D:1)
  A bat (D:1)
  A frilled lizard (D:2)
10 creatures vanquished.
